 Dungeon Crawl Stone Soup version 0.23-a0-841-g41928f0 (webtiles) character file.

144 tatocazan the Cudgeler (level 5, -5/33 HPs)
             Began as a Gargoyle Monk on Jan 25, 2019.
             Blown up by Ijyb (14 damage)
             ... with a wand of disintegration (15)
             ... on level 3 of the Dungeon.
             The game lasted 00:03:24 (2987 turns).

tatocazan the Cudgeler (Gargoyle Monk)              Turns: 2987, Time: 00:03:24

Health: -5/33      AC: 13    Str: 16    XL:     5   Next: 26%
Magic:  5/5        EV: 10    Int: 10    God:
Gold:   125        SH:  0    Dex: 12    Spells: 4/4 levels left

rFire    . . .     SeeInvis .   a - +0 mace
rCold    . . .     Gourm    .   (no shield)
rNeg     + . .     Faith    .   l - +0 chain mail
rPois    ∞         Spirit   .   (no helmet)
rElec    +         Reflect  .   k - +0 cloak
rCorr    .         Harm     .   (no gloves)
MR       .....                  (no boots)
Stlth    ..........             (no amulet)
HPRegen  0.11/turn              j - ring of flight
MPRegen  0.09/turn              n - +3 ring of evasion

@: no status effects
A: negative energy resistance 1, electricity resistance, unbreathing,
petrification resistance, rot immunity, AC +4
a: Evoke Flight


You were on level 3 of the Dungeon.
You were not hungry.

You visited 1 branch of the dungeon, and saw 3 of its levels.

You collected 125 gold pieces.

Inventory:

Hand Weapons
 a - a +0 mace (weapon)
Armour
 k - a +0 cloak (worn)
 l - a +0 chain mail (worn)
Jewellery
 j - a ring of flight (left hand)
 n - a +3 ring of evasion (right hand)
Scrolls
 b - a scroll of random uselessness {unknown}
 e - a scroll of remove curse {unknown}
 f - a scroll of blinking {unknown}
 g - a scroll of identify {unknown}
Potions
 d - a potion of flight {unknown}
 i - a potion of agility {unknown}
 m - a potion of magic {unknown}
Comestibles
 c - 4 rations
 h - 6 chunks of flesh


   Skills:
 + Level 4.2 Fighting
 * Level 4.6 Maces & Flails
 + Level 2.3 Armour
 - Level 2.4 Dodging
 - Level 2.1 Stealth


You had 4 spell levels left.
You didn't know any spells.
Your spell library was empty.

Dungeon Overview and Level Annotations

Branches:
Dungeon (3/15)

Altars:
Gozag
Okawaru

Annotations:
D:3 Ijyb


Innate Abilities, Weirdness & Mutations

You are resistant to torment.
Your stone body is resilient. (AC +4)
You are immune to poison.
You resist negative energy. (rN+)
You are resistant to electric shocks. (rElec)
You can survive without breathing.
You are immune to petrification.
You are immune to rotting.


Message History

The dart slug launches a dart at you. The slug dart misses you.
Something hits you. Something shocks you. You resist.
You take 5 damage, and have 28/33 hp.
You closely miss something. Something hits you but does no damage.
The dart slug closely misses you.
You closely miss something. Something hits you but does no damage.
The hobgoblin hits you but does no damage.
The dart slug launches a dart at you.
The slug dart hits you but does no damage.
You hit something but do no damage. Something hits you but does no damage.
Ijyb zaps a wand.
You are blasted!
Ouch! That really hurt!
* * * LOW HITPOINT WARNING * * *
The hobgoblin completely misses you.
You take 19 damage, and have 9/33 hp.
MASSIVE DAMAGE!!
Your chain mail prevents you from hitting something.
Something hits you but does no damage. The dart slug launches a dart at you.
The slug dart misses you.
Ijyb zaps a wand.
You are blasted!
You die...

##### .. ....# ###...
....# ...... ....#
...... ....# ####......
[...# #.........
....####+####++.........
................†g......
<......÷......!.@w......
................g{...###
........................
........................
########.......####.....
#.......# .....
#.......# .... #.......#
....


You could see Ijyb, a dart slug and a hobgoblin.

Vanquished Creatures
  Jessica (D:3)
  7 adders (D:2)
  An ooze (D:2)
  A worm (D:2)
  A dart slug (D:2)
  A leopard gecko (D:1)
  2 giant cockroaches (D:1)
  6 goblins
  4 hobgoblins
  2 jackals (D:1)
  7 bats
  3 frilled lizards
  5 kobolds
  8 rats
49 creatures vanquished.

Notes
Turn   | Place    | Note
-------+----------+-------------------------------------------
     0 | D:1      | tatocazan the Gargoyle Monk began the quest for the Orb.
     0 | D:1      | Reached XP level 1. HP: 14/14 MP: 1/1
   163 | D:1      | Reached XP level 2. HP: 10/19 MP: 2/2
   768 | D:1      | Reached skill level 1 in Armour
  1239 | D:1      | Reached XP level 3. HP: 23/23 MP: 3/3
  1816 | D:2      | Reached XP level 4. HP: 29/29 MP: 4/4
  2647 | D:2      | Found an opulent altar of Gozag.
  2647 | D:2      | Found an iron altar of Okawaru.
  2899 | D:3      | Noticed Jessica
  2922 | D:3      | Killed Jessica
  2922 | D:3      | Reached XP level 5. HP: 32/33 MP: 5/5
  2975 | D:3      | Noticed a sky beast
  2978 | D:3      | Noticed Ijyb
  2987 | D:3      | Blown up by Ijyb

Vault maps used:
D:1:      grunt_arrival_crossed_arrows, serial_curves, eino_curves_04,
          eino_curves_03, eino_curves_04, eino_curves_03
D:2:      gammafunk_temple_overflow_pools, first_ration
D:3:      cheibriados_altar_1, gup_sewer_entry_bowl, tso_altar, uniq_robin,
          uniq_ijyb, uniq_jessica, uniq_grinder

Skill      XL: |  1  2  3  4 |
---------------+-------------+-----
Armour         | 1 2 |  2.3
Maces & Flails | 4 |  4.6
Fighting       | 4 |  4.2
Dodging        | |  2.4
Stealth        | |  2.1

Action                   |  1- 3 |  4- 6 || total
-------------------------+-------+-------++-------
Melee: Mace              |   125 |    84 ||   209
 Stab: Sleeping          |     4 |       ||     4
  Eat: Chunk             |     3 |     4 ||     7
Armor: Robe              |    39 |       ||    39
       Ring mail         |    14 |       ||    14
       Chain mail        |    11 |    61 ||    72
Dodge: Dodged            |    87 |    34 ||   121

Table legend:
 A = Non-vault XP
 B = Vault XP
 C = Vault XP percentage of total XP
 D = Non-vault monster count
 E = Vault monster count
 F = Vault count percentage of total count
                 A         B        C        D         E       F
            +---------+---------+-------+---------+---------+-------
      Total |     169 |      37 |  18.0 |      48 |       1 |   2.0
            +---------+---------+-------+---------+---------+-------
        D:1 |      40 |       0 |   0.0 |      24 |       0 |   0.0
        D:2 |     123 |       0 |   0.0 |      20 |       0 |   0.0
        D:3 |       6 |      37 |  86.0 |       4 |       1 |  20.0
            +---------+---------+-------+---------+---------+-------
